 Dungeon Crawl Stone Soup version 0.27-a0-1196-g3e9cee4cb2 (webtiles) character file.

Game seed: 10560903093656945188

227 leviel the Cleaver (level 6, -3/51 HPs)
             Began as a Hill Orc Fighter on May 29, 2021.
             Slain by a sky beast (6 damage)
             ... on level 3 of the Dungeon.
             The game lasted 00:03:17 (2374 turns).

leviel the Cleaver (Hill Orc Fighter)               Turns: 2374, Time: 00:03:18

Health: -3/51      AC:  6    Str: 21    XL:     6   Next: 2%
Magic:  6/6        EV:  7    Int:  8    God:
Gold:   130        SH:  0    Dex: 10    Spells: 5/5 levels left

rFire    . . .     SeeInvis .   a - +0 war axe
rCold    . . .     Faith    .   c - +0 kite shield
rNeg     . . .     Spirit   .   b - +0 scale mail
rPois    .         Reflect  .   (no helmet)
rElec    .         Harm     .   (no cloak)
rCorr    .         Rampage  .   (no gloves)
Will     .....                  (no boots)
Stlth    ..........             (no amulet)
HPRegen  0.17/turn              (no ring)
MPRegen  0.10/turn              (no ring)

@: confused, ambrosia-drunk, attractive
A: no striking features
a: no special abilities


You were on level 3 of the Dungeon.
You visited 1 branch of the dungeon, and saw 3 of its levels.

You collected 130 gold pieces.

Inventory:

Hand Weapons
 a - a +0 war axe (weapon)
Armour
 b - a +0 scale mail (worn)
 c - a +0 kite shield (worn)
Scrolls
 d - a scroll of teleportation {unknown}
 e - a scroll of blinking {unknown}
 f - 3 scrolls of identify {@r1}
Potions
 h - a potion of attraction
 i - a potion of berserk rage {unknown}
 j - a potion of brilliance {unknown}


   Skills:
 - Level 3.6 Fighting
 + Level 8.0 Axes
 - Level 3.2 Armour
 - Level 3.2 Shields


You had 5 spell levels left.
You didn't know any spells.
Your spell library contained the following spells:

 Spells                   Type           Power      Damage    Failure   Level
 Animate Skeleton         Necr           0%         N/A       99%         1
 Pain                     Necr           0%         1d4       99%         1
 Vampiric Draining        Necr           0%         2d6       100%        3
 Animate Dead             Necr           0%         N/A       100%        4
 Agony                    Necr           0%         N/A       100%        5


Dungeon Overview and Level Annotations

Branches:
Dungeon (3/15)

Altars:
Dithmenos


Message History

No target in view!
No target in view!
No target in view!
You miss something. Something hits you. Something shocks you.
You miss something. Something hits you. Something shocks you.
Something hits you but does no damage.
You closely miss something.
A sky beast appears from thin air!
Reactivating autopickup.
The sky beast hits you. The sky beast shocks you.
You slash the sky beast!
The sky beast is moderately wounded.
You block the sky beast's attack.
You slash the sky beast!
The sky beast is heavily wounded.
You block the sky beast's attack. The sky beast hits you.
The sky beast shocks you.
You hit the sky beast.
The sky beast is severely wounded.
The sky beast hits you.
* * * LOW HITPOINT WARNING * * *
The sky beast shocks you.
* * * LOW HITPOINT WARNING * * *
You closely miss the sky beast.
The sky beast is severely wounded.
You block the sky beast's attack. The sky beast misses you.
You closely miss the sky beast.
The sky beast is severely wounded.
The sky beast hits you.
* * * LOW HITPOINT WARNING * * *
The sky beast shocks you.
* * * LOW HITPOINT WARNING * * *
It was a potion of attraction.
You feel attractive to monsters. You block the sky beast's attack.
It was a potion of ambrosia.
You are confused.
You feel invigorated. The sky beast hits you.
* * * LOW HITPOINT WARNING * * *
The sky beast shocks you.
You die...

.#######+#
......Y@.+
.#######.# #.#
#.# #.#####.#
#####........
.####....######..
.'..'....'......#
####
####....####..##
#...


You could see a sky beast.

Vanquished Creatures
  A necrophage (D:3)
  A hound (D:3)
  Terence (D:2)
  Robin (D:3)
  An adder (D:2)
  A worm (D:2)
  2 dart slugs
  4 ball pythons
  6 endoplasms
  13 goblins
  10 hobgoblins
  2 jackals (D:1)
  A quokka (D:3)
  7 bats
  3 frilled lizards
  4 kobolds
  2 rats (D:1)
60 creatures vanquished.

Notes
Turn   | Place    | Note
-------+----------+-------------------------------------------
     0 | D:1      | leviel the Hill Orc Fighter began the quest for the Orb.
     0 | D:1      | Reached XP level 1. HP: 19/19 MP: 1/1
    19 | D:1      | Reached skill level 3 in Axes
   147 | D:1      | Reached XP level 2. HP: 23/26 MP: 2/2
   226 | D:1      | Reached skill level 4 in Axes
   484 | D:1      | Reached XP level 3. HP: 29/31 MP: 3/3
   618 | D:1      | Found a faded altar of an unknown god.
  1019 | D:2      | Noticed Terence
  1033 | D:2      | Killed Terence
  1034 | D:2      | Reached skill level 5 in Axes
  1035 | D:2      | Reached XP level 4. HP: 16/39 MP: 4/4
  1646 | D:2      | Reached skill level 6 in Axes
  1840 | D:3      | Noticed Robin
  1870 | D:3      | Killed Robin
  2018 | D:3      | Found a shadowy altar of Dithmenos.
  2049 | D:3      | Noticed a necrophage
  2061 | D:3      | Killed a necrophage
  2062 | D:3      | Reached skill level 7 in Axes
  2062 | D:3      | Reached XP level 5. HP: 28/45 MP: 5/5
  2273 | D:3      | Reached skill level 8 in Axes
  2273 | D:3      | Reached XP level 6. HP: 48/51 MP: 6/6
  2363 | D:3      | Noticed a sky beast
  2372 | D:3      | HP: 1/51 [sky beast (5)]
  2374 | D:3      | Slain by a sky beast

Illustrated notes

Levels and vault maps discovered:
D:1:      lightli_arrival_boilingwater, layout_basic,
          hellmonk_ecumenical_altar_run_dry
D:2:      layout_basic, bh_walls_and_bars, uniq_terence
D:3:      layout_basic, lemuel_coloured_pillars_altar, okawaru_trees_1,
          serial_shops, shop, uniq_robin

Skill      XL: |  1  2  3  4  5 |
---------------+----------------+-----
Axes           | 3 4 5 7 8 |  8.0
Fighting       | |  3.6
Armour         | |  3.2
Shields        | |  3.2

Action                   |  1- 3 |  4- 6 || total
-------------------------+-------+-------++-------
Melee: War axe           |    94 |    78 ||   172
  Use: Scroll            |     2 |       ||     2
       Potion            |     1 |     3 ||     4
Armor: Scale mail        |    36 |    49 ||    85
Dodge: Dodged            |    20 |    22 ||    42
Block: Kite shield       |    44 |    49 ||    93

Table legend: (Time is in decaauts)
 A = Elapsed time spent in this place.
 B = Non-inter-level travel time spent in this place.
 C = Inter-level travel time spent in this place.
 D = Time resting spent in this place.
 E = Time spent auto-exploring this place.
 F = Levels seen in this place.
 G = Mean time per level.
                   A        B        C        D        E       F      G
               +--------+--------+--------+--------+--------+-----+--------+
         Total |   2460 |   2425 |     35 |    275 |   1744 |   3 |  820.0 |
       Dungeon |   2460 |   2425 |     35 |    275 |   1744 |   3 |  820.0 |
               +--------+--------+--------+--------+--------+-----+--------+

Top non-repeatable levels by time:
     D:2: 1112 daAuts
     D:1: 791 daAuts
     D:3: 557 daAuts
